 Dungeon Crawl Stone Soup version 0.26.1 (console) character file.

Game seed: 7348509228329251134

36069 om the Cleaver (level 13, -1/102 HPs)
             Began as a Minotaur Fighter on Feb 3, 2021.
             Was the Champion of Wu Jian.
             Slain by a reaper
             ... wielding a +1 scythe of freezing
              (15 damage)
             ... in an ice cave on Feb 4, 2021.
             The game lasted 00:59:00 (24609 turns).

om the Cleaver (Minotaur Fighter)                  Turns: 24609, Time: 00:59:00

Health: -1/102     AC: 20    Str: 22    XL:     13   Next: 51%
Magic:  12/12      EV: 29    Int:  5    God:    Wu Jian [******]
Gold:   1480       SH: 13    Dex: 14    Spells: 12/12 levels left

rFire    . . .     SeeInvis .   I - +1 war axe (venom)
rCold    + + .     Faith    .   c - +0 kite shield
rNeg     . . .     Spirit   .   l - +1 chain mail {Will+}
rPois    .         Reflect  .   (helmet restricted)
rElec    .         Harm     .   J - scarf {rC+ rF+}
rCorr    .         Rampage  .   o - +0 pair of gloves
Will     +....                  y - +0 pair of boots
Stlth    ..........             G - amulet of the acrobat
HPRegen  0.27/turn              i - +4 ring of protection
MPRegen  0.13/turn              M - ring of ice

@: acrobat
A: retaliatory headbutt, horns 2
a: Renounce Religion, Wall Jump, Serpent's Lash, Heavenly Storm


You were in an ice cave.
You worshipped Wu Jian.
Wu Jian was exalted by your worship.
You visited 2 branches of the dungeon, and saw 15 of its levels.
You also visited: Sewer and Ice Cave.

You collected 1718 gold pieces.
You spent 238 gold pieces at shops.

Inventory:

Hand Weapons
 z - a +4 war axe
 I - a +1 war axe of venom (weapon)
Armour
 c - a +0 kite shield (worn)
 l - a +1 chain mail of willpower (worn)
 o - a +0 pair of gloves (worn)
 y - a +0 pair of boots (worn)
 F - a +0 chain mail of poison resistance
 J - a scarf of resistance (worn)
Jewellery
 i - a +4 ring of protection (left hand)
 s - an uncursed ring of stealth
 E - an uncursed ring of protection from fire
 G - an amulet of the acrobat (around neck)
 H - an uncursed ring of stealth
 M - a ring of ice (right hand)
Wands
 m - a wand of digging (8)
 w - a wand of enslavement (3)
 C - a wand of iceblast (12)
Scrolls
 f - a scroll of immolation
 h - 2 scrolls of fog
 q - 2 scrolls of teleportation
 r - a scroll of magic mapping
 t - a scroll of random uselessness {unknown}
 u - 8 scrolls of remove curse
 v - 2 scrolls of enchant weapon
 x - 2 scrolls of amnesia
 A - a scroll of blinking
 K - 2 scrolls of enchant armour
 L - a scroll of silence {unknown}
Potions
 a - a potion of invisibility {unknown}
 b - 2 potions of resistance
 d - 2 potions of might
 e - 4 potions of haste
 g - 2 potions of brilliance
 j - 4 potions of flight
 k - 5 potions of curing
 n - a potion of magic
 D - a potion of lignification


   Skills:
 - Level 6.0 Fighting
 - Level 14.0 Axes
 + Level 13.1 Armour
 + Level 11.7 Dodging
 + Level 13.2 Shields
 - Level 6.0 Evocations


You had 12 spell levels left.
You didn't know any spells.
Your spell library was empty.

Dungeon Overview and Level Annotations

Branches:
Dungeon (13/15)            Temple (0/1) D:6            Lair (0/6) D:10
    Orc (2/2) D:11            Elf (0/3) Orc:2        Vaults (0/5) D:13
  Sewer (visited)           IceCv (1/1)

Altars:
Cheibriados
Fedhas
Gozag
Hepliaklqana
Trog
Wu Jian
Zin

Shops:
D:12 [   Orc:2 ([:!(:

Annotations:
D:12 2 transporters, Hehehe's ghost, journeyman DDFi
D:13 Yllauq's ghost, journeyman OgMo


Innate Abilities, Weirdness & Mutations

You reflexively headbutt those who attack you in melee.
You have a pair of horns on your head.


Message History

* * * LOW HITPOINT WARNING * * *
You are engulfed in freezing vapours.
You resist.
* * * LOW HITPOINT WARNING * * *
You are engulfed in freezing vapours.
You resist.
* * * LOW HITPOINT WARNING * * *
You enter the shallow water.
Moving in this stuff is going to be slow.
You are engulfed in freezing vapours.
You resist.
* * * LOW HITPOINT WARNING * * *
As you read the scroll of fear, it crumbles to dust.
You assume a fearsome visage.
The reaper is unaffected.
Press: ? - help, v - describe, . - travel
Here: a reaper, wielding a +1 scythe of freezing (lightly wounded)
The floor.
Unknown command.
Okay, then.
Okay, then.
You block the reaper's attack.
The reaper hits you from afar with a +1 scythe of freezing!
You die...

.# ##.§ .# §§° .##
..# ..## ...# ...##
....# #### ...##
######..## ....###
##..##....##
..§.2.###.......@..#
.§°§○..#.......∩.∩.#
..≈.##....##....2..#
...####..#####....##
....# #### ##..##
.#### #### ##


You could see a reaper.

Vanquished Creatures
  An orc warlord (Orc:1)
  An ettin (Orc:2)
  Snorg (D:12)
  Harold (D:9)
  A vault guard (D:13)
  Fannar (Orc:1)
  A boulder beetle (D:11)
  A centaur warrior (D:13)
  A two-headed ogre (D:11)
  The ghost of trckry the Quickloader, a journeyman TeHu of Okawaru (D:10)
  5 orc high priests (Orc:2)
  An unseen horror (D:12)
  Pikel (D:8)
  2 orc knights
  The ghost of garrulousMonolith the Ducker, a novice GnWn of Cheibriados (D:5)
  The ghost of om the Grasshopper, a novice GnWr (D:5)
  3 orc sorcerers (Orc:2)
  A deep elf mage (D:12)
  3 cyclopes
  The ghost of KittyFluff the Bolt Thrower, a novice GrHu (D:5)
  Maurice (D:9)
  A centaur zombie (D:12)
  2 ice statues (IceCv)
  A gargoyle (D:12)
  10 ice devils
  An efreet (D:13)
  A hornet (D:8)
  8 trolls
  4 slime creatures (D:12)
  6 yaks
  A wraith (D:10)
  3 wyverns
  A vampire mosquito (D:13)
  A basilisk (D:13)
  A steam dragon (D:10)
  4 wargs
  2 sky beasts
  A black bear (D:11)
  34 orc warriors
  8 ice beasts
  3 phantoms
  11 ogres
  3 lemures (D:9)
  3 big kobolds
  9 bullfrogs
  A gnoll sergeant (D:7)
  7 scorpions
  A water moccasin skeleton (D:6)
  A wyvern skeleton (D:11)
  9 killer bees
  5 wights
  A howler monkey (D:4)
  3 jellies
  A quasit (D:3)
  3 bullfrog zombies
  36 orc priests
  6 hounds
  36 orc wizards
  2 centaur skeletons
  2 bullfrog skeletons
  5 iguanas
  9 worker ants
  A howler monkey zombie (D:11)
  A howler monkey skeleton (D:10)
  7 gnolls
  25 adders
  A river rat (D:3)
  A hound simulacrum (D:10)
  4 shadow imps
  9 white imps
  9 ufetubi
  2 adder zombies (D:8)
  2 oozes
  3 adder skeletons
  4 worms
  3 dart slugs
  6 leopard geckos
  103 orcs
  4 ball pythons
  6 bats
  7 giant cockroaches
  9 goblins
  8 hobgoblins
  23 jackals
  24 kobolds
  6 quokkas
  11 frilled lizards
  2 quokka skeletons
  9 rats
567 creatures vanquished.

Vanquished Creatures (others)
  2 white imps (IceCv)
  6 ufetubi (IceCv)
  12 plants (Sewer)
  4 withered plants (D:5)
24 creatures vanquished.

Grand Total: 591 creatures vanquished

Notes
Turn   | Place    | Note
-------+----------+-------------------------------------------
     0 | D:1      | om the Minotaur Fighter began the quest for the Orb.
     0 | D:1      | Reached XP level 1. HP: 19/19 MP: 0/0
   212 | D:1      | Reached XP level 2. HP: 27/27 MP: 1/1
   241 | D:1      | Reached skill level 3 in Axes
   565 | D:1      | Reached XP level 3. HP: 33/33 MP: 2/2
   843 | D:2      | Reached skill level 1 in Dodging
   855 | D:2      | Upgraded the game from 0.26.0-91-g99b343417d to 0.26.1
  1068 | D:2      | Found a bloodstained altar of Trog.
  1260 | D:2      | Found a blossoming altar of Fedhas.
  1587 | D:3      | Reached XP level 4. HP: 39/40 MP: 3/3
  1631 | D:3      | Reached skill level 4 in Axes
  1631 | D:3      | Reached XP level 5. HP: 33/47 MP: 4/4
  1683 | D:3      | Found a glowing drain.
  1708 | Sewer    | Entered a sewer
  2998 | D:3      | Reached XP level 6. HP: 44/53 MP: 5/5
  3217 | D:3      | Found a bloodstained altar of Trog.
  3260 | D:3      | Reached skill level 5 in Axes
  3598 | D:3      | Found an ornate altar of the Wu Jian Council.
  3919 | D:4      | Reached skill level 5 in Fighting
  3919 | D:4      | Reached skill level 5 in Armour
  3926 | D:4      | Reached skill level 5 in Shields
  4414 | D:3      | Became a worshipper of the Wu Jian Council
  4470 | D:4      | Reached XP level 7. HP: 61/61 MP: 6/6
  4767 | D:4      | Reached skill level 6 in Axes
  5047 | D:4      | Found a hazy altar of Hepliaklqana.
  5295 | D:5      | Entered Level 5 of the Dungeon
  5308 | D:5      | Reached * piety under Wu Jian
  5335 | D:5      | Reached XP level 8. HP: 40/68 MP: 7/7
  5972 | D:5      | Found a runed translucent gate.
  5972 | D:5      | Found a runed translucent gate.
  5972 | D:5      | Found a runed translucent gate.
  5972 | D:5      | Noticed KittyFluff's ghost (novice GrHu)
  5973 | D:5      | Noticed garrulousMonolith's ghost (novice GnWn)
  5973 | D:5      | Noticed om's ghost (novice GnWr)
  6064 | D:6      | Reached skill level 7 in Axes
  6220 | D:6      | Found a staircase to the Ecumenical Temple.
  6420 | D:6      | Reached skill level 5 in Dodging
  6759 | D:7      | Reached ** piety under Wu Jian
  6770 | D:7      | Reached skill level 8 in Axes
  6997 | D:7      | Found a snail-covered altar of Cheibriados.
  7086 | D:7      | Reached XP level 9. HP: 60/74 MP: 8/8
  7373 | D:7      | Reached skill level 9 in Axes
  7843 | D:8      | Reached *** piety under Wu Jian
  8321 | D:8      | Found an opulent altar of Gozag.
  8715 | D:8      | Found a glowing silver altar of Zin.
  8892 | D:9      | Noticed Maurice
  8904 | D:8      | Reached skill level 10 in Axes
  8961 | D:8      | Paralysed by a hornet for 2 turns
  9283 | D:9      | Noticed Pikel
  9314 | D:8      | Killed Pikel
  9315 | D:8      | Reached XP level 10. HP: 65/83 MP: 9/9
  9410 | D:9      | Killed Maurice
  9538 | D:9      | Noticed Harold
  9556 | D:9      | Killed Harold
  9726 | D:9      | Noticed a cyclops
  9737 | D:9      | Killed a cyclops
  9944 | D:9      | Reached **** piety under Wu Jian
 10242 | D:10     | Entered Level 10 of the Dungeon
 10280 | D:9      | Reached skill level 10 in Armour
 10280 | D:9      | Reached skill level 10 in Shields
 10455 | D:10     | Found a staircase to the Lair.
 11034 | D:10     | Found a runed translucent gate.
 11037 | D:10     | Reached XP level 11. HP: 61/89 MP: 10/10
 11038 | D:10     | Found a runed translucent gate.
 11039 | D:10     | Found a runed translucent gate.
 11041 | D:10     | Noticed trckry's ghost (journeyman TeHu)
 11172 | D:10     | Killed trckry's ghost
 11969 | D:10     | Reached ***** piety under Wu Jian
 11992 | D:10     | Reached skill level 1 in Evocations
 12282 | D:11     | Noticed a boulder beetle
 12295 | D:11     | Killed a boulder beetle
 12902 | D:11     | Found a staircase to the Orcish Mines.
 13012 | Orc:1    | Entered Level 1 of the Orcish Mines
 13020 | Orc:1    | Noticed a two-headed ogre
 13609 | D:12     | Found Zitwotao's Antique Armour Shoppe.
 13617 | D:12     | Found a transporter.
 13860 | D:12     | Noticed a two-headed ogre
 13860 | D:12     | Noticed Hehehe's ghost (journeyman DDFi)
 13862 | D:12     | Noticed a two-headed ogre
 13862 | D:12     | Identified the +7 great mace of Turmoil {freeze, rElec
                  | rPois rN+}
 13862 | D:12     | Noticed a frost giant
 13863 | D:12     | Noticed a two-headed ogre
 13865 | D:12     | Found a transporter.
 14270 | D:12     | Killed an unseen horror
 14271 | D:12     | Reached skill level 11 in Axes
 14637 | D:12     | Noticed a deep elf mage
 14648 | D:12     | Killed a deep elf mage
 14930 | D:12     | Reached skill level 10 in Dodging
 15493 | D:5      | Killed garrulousMonolith's ghost
 15508 | D:5      | Killed KittyFluff's ghost
 15509 | D:5      | Reached XP level 12. HP: 96/96 MP: 11/11
 15516 | D:5      | Killed om's ghost
 15968 | D:11     | Killed a two-headed ogre
 16102 | D:11     | Reached skill level 5 in Evocations
 16499 | Orc:2    | Entered Level 2 of the Orcish Mines
 16523 | Orc:2    | Found Neups's Antique Weapon Shoppe.
 16753 | Orc:1    | Noticed an orc high priest
 16753 | Orc:1    | Noticed an orc warlord
 16760 | Orc:2    | Paralysed by an orc sorcerer for 2 turns
 17044 | Orc:1    | HP: 2/96 [orc warlord/+0 great sword (14)]
 17059 | Orc:1    | Killed an orc warlord
 17060 | Orc:1    | Reached skill level 12 in Axes
 17489 | Orc:2    | Noticed an orc high priest
 18061 | Orc:2    | Killed an orc high priest
 18093 | Orc:2    | Noticed an orc high priest
 18098 | Orc:2    | Noticed an orc high priest
 18108 | Orc:2    | Killed an orc high priest
 18369 | Orc:2    | Killed an orc high priest
 18373 | Orc:2    | Reached ****** piety under Wu Jian
 18553 | Orc:2    | HP: 3/95 [orc priest/divine providence (17)]
 19021 | Orc:2    | Noticed an orc high priest
 19031 | Orc:2    | Killed an orc high priest
 19596 | Orc:2    | Found Zoruwn's Distillery.
 19596 | Orc:2    | Found Ireil's Book Boutique.
 19597 | Orc:2    | Found Onneluirch's Antique Weapon Shop.
 19601 | Orc:2    | Found Ewopehimm's Antique Armour Shop.
 19633 | Orc:2    | Bought a potion of heal wounds for 70 gold pieces
 19633 | Orc:2    | Bought a potion of heal wounds for 70 gold pieces
 19633 | Orc:2    | Bought a potion of lignification for 42 gold pieces
 19633 | Orc:2    | Bought a potion of might for 56 gold pieces
 19707 | Orc:2    | Reached skill level 13 in Axes
 19884 | Orc:2    | Found a staircase to the Elven Halls.
 19926 | Orc:2    | Found Duag's Book Boutique.
 20006 | Orc:1    | Noticed an ettin
 20216 | Orc:2    | HP: 2/96 [ettin/+0 dire flail (33)]
 20222 | Orc:2    | Killed an ettin
 20223 | Orc:2    | Reached XP level 13. HP: 4/102 MP: 12/12
 20890 | Orc:1    | Noticed Fannar
 21008 | Orc:1    | Paralysed by an orc sorcerer for 3 turns
 21549 | Orc:1    | Killed Fannar
 21837 | D:13     | Found a gate to the Vaults.
 21843 | D:13     | Noticed Snorg
 21899 | D:12     | Killed Snorg
 22217 | D:13     | Noticed a minotaur
 22217 | D:13     | Noticed Yllauq's ghost (journeyman OgMo)
 22230 | D:13     | Found a frozen archway.
 22258 | IceCv    | Entered an ice cave
 22460 | IceCv    | Reached skill level 14 in Axes
 22668 | IceCv    | HP: 4/102 [something (8)]
 24518 | IceCv    | HP: 3/153 [ice devil (11)]
 24553 | IceCv    | Noticed a reaper
 24609 | IceCv    | Slain by a reaper

Illustrated notes

Levels and vault maps discovered:
D:1:      minmay_arrival_semitransparent, layout_basic, minmay_indecisive_spiral
D:2:      layout_basic, lightli_temple_of_fire, general_overflow_altar
D:3:      layout_loops_ring, lemuel_coloured_pillars_altar,
          portal_sewer_entry_b, grunt_ministairs_12, trog_book
D:4:      layout_cave_pods, nzn_hepliaklqana_mist_gate, serial_column_ruins,
          column_ruins_grid_4, column_ruins_columns_straight,
          column_ruins_open_tiny, column_ruins_columns_water,
          column_ruins_columns_corner, hangedman_abyss_or_decor_stabs,
          minmay_misc_feat_four_crosses
D:5:      layout_cave_pools, gammafunk_ghost_cemetery, hangedman_glass_teeth
D:6:      layout_loops_cross, minmay_temple_entry_gardened_gates
D:7:      layout_basic, cheibrodos_worm_habitat
D:8:      layout_cave_pods, kennysheep_little_box, kennysheep_decorative_pillar,
          skrybe_limestone_x, lemuel_altar_in_water
D:9:      layout_rooms, uniq_harold, uniq_maurice, uniq_pikel
D:10:     kennysheep_six_static_rooms, layout_cave_pools, lair_entry_dummy,
          ebering_ghost_rock_garden, serial_ice, serial_ice_k, serial_ice_b,
          serial_ice_e, serial_ice_n, minmay_misc_feat_secret_circle
D:11:     layout_cave_pods, david_orc_3, grunt_ministairs_12,
          nzn_sisyphean_effort
D:12:     layout_small_grid, gammafunk_ghost_smash, serial_shops, shop_coins
D:13:     layout_roguey, david_vaults_5, maelrawn_ghost_gauntlet_escape,
          portal_ice_cave_demonic_guard, uniq_urug, uniq_snorg
Orc:1:    layout_caves, nicolae_orc_crystal_geode, uniq_fannar
Orc:2:    st_orc_mages, layout_caves, serial_shops, shop, shop
IceCv:    ice_cave_small_demon

Skill      XL: |  1  2  3  4  5  6  7  8  9 10 11 12 13 |
---------------+----------------------------------------+-----
Axes           | 3 4 5 6 8 10 11 13 14 | 14.0
Fighting       | 4 5 6 |  6.0
Armour         | 4 5 6 7 8 10 11 12 13 | 13.1
Shields        | 4 5 6 7 8 10 11 12 13 | 13.2
Dodging        | 1 2 4 5 7 9 10 11 | 11.7
Evocations     | 4 6 |  6.0

Action                   |  1- 3 |  4- 6 |  7- 9 | 10-12 | 13-15 || total
-------------------------+-------+-------+-------+-------+-------++-------
Melee: War axe           |    84 |   184 |   384 |   837 |   266 ||  1755
       Headbutt          |    12 |    29 |    81 |   204 |    70 ||   396
Invok: Lunge             |       |       |    32 |    69 |     5 ||   106
       Whirlwind         |       |       |    19 |    47 |     7 ||    73
 Abil: Wall Jump         |       |       |    22 |    23 |     2 ||    47
Evoke: Wand              |       |       |       |     1 |     1 ||     2
  Use: Scroll            |     6 |     1 |    10 |     5 |     2 ||    24
       Potion            |       |     5 |       |     6 |     4 ||    15
Armor: Scale mail        |    38 |    84 |       |       |       ||   122
       Chain mail        |       |    15 |   156 |   283 |    89 ||   543
       Leather armour    |       |     1 |       |       |       ||     1
       Skin              |       |       |       |    12 |    26 ||    38
Dodge: Dodged            |    29 |    65 |   100 |   294 |   113 ||   601
Block: Kite shield       |    41 |    99 |   183 |   470 |   155 ||   948
